 Dungeon Crawl Stone Soup version 0.29-a0-775-g4d7333d4e2 (webtiles) character file.

Game seed: 14048985967109115268

21 ZappyNine the Insei (level 2, 0/22 HPs)
             Began as a Barachi Transmuter on July 1, 2022.
             Slain by a bat (1 damage)
             ... on level 2 of the Dungeon.
             The game lasted 00:01:04 (1490 turns).

ZappyNine the Insei (Barachi Transmuter)            Turns: 1490, Time: 00:01:05

Health: 0/22       AC:  2    Str: 11    XL:     2   Next: 87%
Magic:  14/14      EV: 12    Int: 13    God:
Gold:   78         SH:  0    Dex: 12    Spells: 3/6 levels left

rFire   . . .      SeeInvis .   e - +0 whip
rCold   . . .      Faith    .   (no shield)
rNeg    . . .      Spirit   .   a - +0 robe
rPois   .          Reflect  .   (no helmet)
rElec   .          Harm     .   (no cloak)
rCorr   .          Rampage  .   (no gloves)
Will    .....                   (no boots)
Stlth   +.........              (no amulet)
HPRegen 0.07/turn               d - ring of magical power
MPRegen 0.14/turn               (no ring)

@: unable to hop, slow
A: amphibious, slowness 1, strong legs 1, +LOS
a: Hop


You were on level 2 of the Dungeon.
You visited 1 branch of the dungeon, and saw 2 of its levels.

You collected 78 gold pieces.

Inventory:

Hand Weapons
 e - a +0 whip (weapon)
Armour
 a - a +0 robe (worn)
Jewellery
 d - a ring of magical power (left hand)
Scrolls
 c - a scroll of identify {unknown}
 g - a scroll of poison {unknown}
Potions
 b - a potion of lignification
 f - a potion of attraction {unknown}
 h - a potion of curing {unknown}


   Skills:
 + Level 1.9 Fighting
 + Level 2.6 Dodging
 - Level 3.2 Unarmed Combat
 + Level 2.5 Spellcasting
 + Level 2.6 Transmutations


You had 3 spell levels left.
You knew the following spells:

 Your Spells              Type           Power      Damage    Failure   Level
a - Beastly Appendage     Tmut           16%        N/A       9%          1
b - Wereblood             Tmut           8%         N/A       13%         2

Your spell library contained the following spells:

 Spells                   Type           Power      Damage    Failure   Level
 Spider Form              Tmut/Pois      5%         N/A       38%         3
 Ignite Poison            Fire/Tmut/Pois 3%         N/A       45%         3
 Conjure Flame            Conj/Fire      1%         6-21      58%         3
 Ice Form                 Ice/Tmut       5%         N/A       80%         4
 Sticky Flame             Conj/Fire      1%         2d3       94%         4
 Chain Lightning          Conj/Air       0%         2d1       100%        9
 Fire Storm               Conj/Fire      0%         6d1       100%        9
 Shatter                  Erth           0%         3d5*      100%        9


Dungeon Overview and Level Annotations

Branches:
Dungeon (2/15)

Altars:


Innate Abilities, Weirdness & Mutations

You are amphibious.
You cover ground slowly.
You can hop short distances.
You have an extended range of vision and can be seen from far away.


Message History

The bat misses you. The bat hits you.
You miss the bat. The bat hits you. The bat hits you but does no damage.
The bat closely misses you. The bat completely misses you.
You miss the bat.
The bat closely misses you. x2; The bat hits you.
The bat hits you but does no damage. The bat hits you.
* * * LOW HITPOINT WARNING * * *
The bat barely misses you. The bat hits you but does no damage.
The bat misses you. The ball python bites you.
* * * LOW HITPOINT WARNING * * *
The ball python closely misses you.
You miss the bat. The bat misses you. The bat hits you but does no damage.
The bat closely misses you. The ball python misses you.
The ball python closely misses you.
The ball python attacks as you move away!
The ball python bites you but does no damage.
The bat misses you. The bat barely misses you. x2
The bat hits you but does no damage. The bat misses you.
The ball python attacks as you move away!
The ball python bites you but does no damage.
The bat misses you. The bat closely misses you. The bat hits you.
* * * LOW HITPOINT WARNING * * *
The bat attacks as you move away! The bat closely misses you.
The bat hits you but does no damage. The bat closely misses you. x3
You miss the bat. The bat hits you but does no damage.
The bat barely misses you. The bat hits you but does no damage.
The ball python bites you.
* * * LOW HITPOINT WARNING * * *
The ball python completely misses you.
You closely miss the bat. The bat closely misses you. The bat hits you.
* * * LOW HITPOINT WARNING * * *
The ball python bites you but does no damage.
The ball python grabs you. The ball python constricts you.
* * * LOW HITPOINT WARNING * * *
Unknown command.
Hop to where?
Press: ? - help, Dir - move target You escape the ball python's grasp.
Boing!
The bat closely misses you. The bat hits you.
You die...

#. #. #.....#.##.$..#..#
#.###.##.###..............
#........<................
#.........#KS....#.......
##.........#☼.....#.......
##........†.#.#+#..#[.##...
#.........).bb#....#..# ..
#.......#####b........# .
#.......#####@##.......
#.......'...#.# ...##.#
#.......###.#.# .>.....
#........##.#.# . ..
#....#.#.##.#..
#.####......###### #.
#..............
#.####...##..#####..
#......#.........


You could see 3 bats, a ball python and a kobold.

Vanquished Creatures
  A bat (D:2)
  4 endoplasms
  A giant cockroach (D:1)
  4 goblins
  A hobgoblin (D:1)
  7 ball pythons
  A frilled lizard (D:1)
19 creatures vanquished.

Notes
Turn   | Place    | Note
-------+----------+-------------------------------------------
     0 | D:1      | ZappyNine the Barachi Transmuter began the quest for the
                  | Orb.
     0 | D:1      | Reached XP level 1. HP: 15/15 MP: 3/3
   252 | D:1      | Reached XP level 2. HP: 20/21 MP: 3/5
   279 | D:1      | Learned a level 2 spell: Wereblood
  1489 | D:2      | HP: 1/22 [constriction (1)]
  1490 | D:2      | Slain by a bat

Illustrated notes

Levels and vault maps discovered:
D:1:      dpeg_arrival_arbitrary_b, layout_basic, nicolae_figureground_pulse
D:2:      layout_basic, shapermc_ecumenical_altar_mp_ritualfount,
          minmay_tromino_mix6, uniq_jessica, uniq_crazy_yiuf_cottage

Action                   || total
-------------------------++-------
Melee: Unarmed           ||    16
       Headbutt          ||     4
       Kick              ||     5
       Whip              ||    48
 Cast: Beastly Appendage ||     9
 Abil: Hop               ||     1
 Stab: Sleeping          ||     1
Armor: Robe              ||    20
Dodge: Dodged            ||    71

Table legend: (Time is in decaauts)
 A = Elapsed time spent in this place.
 B = Non-inter-level travel time spent in this place.
 C = Inter-level travel time spent in this place.
 D = Time resting spent in this place.
 E = Time spent auto-exploring this place.
 F = Levels seen in this place.
 G = Mean time per level.
                   A        B        C        D        E       F      G
               +--------+--------+--------+--------+--------+-----+--------+
         Total |   1644 |   1611 |     33 |    289 |   1141 |   2 |  822.0 |
       Dungeon |   1644 |   1611 |     33 |    289 |   1141 |   2 |  822.0 |
               +--------+--------+--------+--------+--------+-----+--------+

Top non-repeatable levels by time:
     D:1: 1497 daAuts
     D:2: 147 daAuts
